 Dungeon Crawl Stone Soup version 0.29.1-1-gd02db6906a (webtiles) character file.

Game seed: 17779021889631256752

205 safid the Shooter (level 5, -2/67 HPs)
             Began as a Minotaur Hunter on Oct 18, 2022.
             Killed from afar by Ijyb (6 damage)
             ... with a puff of flame
             ... on level 3 of the Dungeon.
             The game lasted 00:02:36 (1425 turns).

safid the Shooter (Minotaur Hunter)                 Turns: 1425, Time: 00:02:36

Health: -2/67      AC: 22    Str: 14 (16) XL:     5   Next: 52%
Magic:  4/4        EV:  2    Int:  4 (6)  God:
Gold:   127        SH:  0    Dex: 14 (15) Spells: 4/4 levels left

rFire   . . .      SeeInvis .   a - +0 shortbow
rCold   . . .      Faith    .   (shield currently unavailable)
rNeg    . . .      Spirit   .   (body armour currently unavailable)
rPois   +          Reflect  .   (helmet currently unavailable)
rElec   .          Harm     .   (cloak currently unavailable)
rCorr   .          Rampage  .   (gloves currently unavailable)
Will    .....      NoTele   +   (boots currently unavailable)
Stlth   ++........              (no amulet)
HPRegen 0.21/turn               (no ring)
MPRegen 0.09/turn               (no ring)

@: tree-form
A: stationary, stasis, torment immunity, boosted hp, (horns 2), (retaliatory
headbutt)
a: no special abilities


You were on level 3 of the Dungeon.
You were a tree.
You visited 1 branch of the dungeon, and saw 3 of its levels.

You collected 127 gold pieces.

Inventory:

Hand Weapons
 a - a +0 shortbow (weapon)
Armour
 c - a +0 leather armour (melded)
Wands
 k - a wand of flame (28)
Scrolls
 b - a scroll of immolation
 e - 4 scrolls of identify {unknown}
 f - a scroll of enchant weapon {unknown}
 g - a scroll of magic mapping {unknown}
 h - 2 scrolls of teleportation {unknown}
 m - a scroll of butterflies {unknown}
 o - a scroll of brand weapon {unknown}
Potions
 d - a potion of brilliance {unknown}
 l - a potion of curing {unknown}


   Skills:
 - Level 3.0 Fighting
 + Level 7.4 Ranged Weapons
 - Level 2.1 Dodging
 - Level 0.7 Stealth


You had 4 spell levels left.
You didn't know any spells.
Your spell library contained the following spells:

 Spells                   Type           Power      Damage    Failure   Level
 Shock                    Conj/Air       0%         1d3       50%         1
 Swiftness                Air            0%         N/A       86%         3
 Airstrike                Air            0%         2d(0-16)  99%         4
 Passage of Golubria      Tloc           0%         N/A       99%         4
 Silence                  Hex/Air        0%         N/A       100%        5
 Lehudib's Crystal Spear  Conj/Erth      0%         10d2      100%        8


Dungeon Overview and Level Annotations

Branches:
Dungeon (3/15)

Altars:

Annotations:
D:3 Ijyb


Innate Abilities, Weirdness & Mutations

You are a tree.
Your roots penetrate the ground, keeping you stationary.
You cannot be teleported.
You are immune to unholy pain and torment.
Your maximum health is greatly increased.
Your equipment is partially melded.
((You have a pair of horns on your head.))
((You reflexively headbutt those who attack you in melee.))


Message History

You kill the gnoll!
Ijyb closely misses you. You furiously retaliate!
You headbutt Ijyb.
Fire: a) +0 shortbow
Press: ? - help, Q - select action, (/) - cycle Shift-Dir - straight line, f/p - Ijyb
Aim: Ijyb, wielding a +0 club, wearing a +0 ring mail and carrying a wand of flame (14) (moderately wounded, 60% to hit)
You shoot an arrow. The arrow barely misses Ijyb.
Ijyb hits you but does no damage.
Fire: a) +0 shortbow
Press: ? - help, Q - select action, (/) - cycle Shift-Dir - straight line, f - gnoll, p - Ijyb
Aim: a gnoll, wielding a +0 club (almost dead, 66% to hit)
You shoot an arrow. The arrow hits Ijyb.
Ijyb is moderately wounded.
You hear a shout!
A gnoll comes into view. It is wielding a +0 club.
Ijyb zaps a wand.
The puff of flame hits you.
* * * LOW HITPOINT WARNING * * *
Fire: a) +0 shortbow
Press: ? - help, Q - select action, (/) - cycle Shift-Dir - straight line, f/p - gnoll
Aim: a gnoll, wielding a +0 club (almost dead, 66% to hit)
You shoot an arrow. The arrow closely misses Ijyb.
The arrow hits the gnoll.
You kill the gnoll!
Ijyb hits you but does no damage.
Fire: a) +0 shortbow
Press: ? - help, Q - select action, (/) - cycle Shift-Dir - straight line, f - Ijyb
Aim: Ijyb, wielding a +0 club, wearing a +0 ring mail and carrying a wand of flame (13) (moderately wounded, 60% to hit)
You shoot an arrow. The arrow hits Ijyb!
Ijyb is severely wounded.
Ijyb hits you with a +0 club.
* * * LOW HITPOINT WARNING * * *
It was a potion of flight.
You feel very buoyant.
You fly up into the air.
Ijyb zaps a wand.
The puff of flame misses you.
It was a potion of lignification.
You turn into a tree.
Your +0 leather armour melds into your body.
Your roots penetrate the ground.
Ijyb hits you but does no damage.
It was a potion of degeneration.
There was something very wrong with that liquid.
You feel weakened.
You feel dopey.
You feel clumsy.
Ijyb zaps a wand.
The puff of flame hits you.
You die...

.#####....##.##..##
.....##.#..#.###..#
.#.<..#..#...[....###
..†...#..###.####..(#
<._.#....# #.# #.#.#
......#..# #.# ##...#
.#.<..#..# #.# #..###
.....##.## #.###..#
.#####..# #.#..♣)#
.......## #.#.##g#
.....#.. #. #)).
..##.##. . ...g.. .#
.#.#.... #. . .#....
. .# ... .# ..


You could see Ijyb and a gnoll.

Vanquished Creatures
  A scorpion (D:2)
  A hound (D:3)
  5 gnolls (D:3)
  2 adders
  2 dart slugs
  A ball python (D:1)
  6 endoplasms
  3 goblins (D:1)
  4 hobgoblins
  6 jackals (D:2)
  3 quokkas (D:2)
  4 bats
  5 frilled lizards
  2 kobolds (D:1)
  4 rats
49 creatures vanquished.

Notes
Turn   | Place    | Note
-------+----------+-------------------------------------------
     0 | D:1      | safid the Minotaur Hunter began the quest for the Orb.
     0 | D:1      | Reached XP level 1. HP: 18/18 MP: 0/0
   120 | D:1      | Reached XP level 2. HP: 25/25 MP: 1/1
   401 | D:1      | Reached skill level 5 in Ranged Weapons
   644 | D:2      | Reached XP level 3. HP: 31/31 MP: 2/2
  1095 | D:2      | Noticed a scorpion
  1102 | D:2      | Killed a scorpion
  1103 | D:2      | Reached skill level 6 in Ranged Weapons
  1103 | D:2      | Reached XP level 4. HP: 36/38 MP: 3/3
  1245 | D:3      | Found a faded altar of an unknown god.
  1255 | D:3      | Reached XP level 5. HP: 29/45 MP: 4/4
  1401 | D:3      | Reached skill level 7 in Ranged Weapons
  1408 | D:3      | Noticed Ijyb
  1422 | D:3      | HP: 2/45 [Ijyb/+0 club (6)]
  1425 | D:3      | Killed from afar by Ijyb

Illustrated notes

Levels and vault maps discovered:
D:1:      roderic_octagonal_star, layout_rooms
D:2:      layout_basic, serial_rivers, chequers_serial_rivers_room_a,
          chequers_serial_rivers_large_b, chequers_serial_rivers_small_b,
          chequers_serial_rivers_marsh, chequers_serial_rivers_micro_c
D:3:      layout_rooms, nicolae_ecumenical_pavilion, uniq_ijyb

Skill      XL: |  1  2  3  4  5 |
---------------+----------------+-----
Fighting       | 3 |  3.0
Ranged Weapons | 5 6 7 |  7.4
Dodging        | |  2.1
Stealth        | |  0.7

Action                   |  1- 3 |  4- 6 || total
-------------------------+-------+-------++-------
 Fire: Shortbow          |    95 |    39 ||   134
  Use: Potion            |       |     3 ||     3
Armor: Leather armour    |     6 |     2 ||     8
       Skin              |       |     1 ||     1
Dodge: Dodged            |    22 |    15 ||    37
